 Dungeon Crawl Stone Soup version 0.23-b1 (webtiles) character file.

Game seed: 4075110643974856034

70 Gabide the Sneak (level 4, 0/33 HPs)
             Began as a Human Wanderer on Jan 29, 2019.
             Was an Initiate of Dithmenos.
             Slain by a phantom (8 damage)
             ... on level 4 of the Dungeon.
             The game lasted 00:07:25 (3069 turns).

Gabide the Sneak (Human Wanderer)                   Turns: 3069, Time: 00:07:25

Health: 0/33       AC:  3    Str: 13    XL:     4   Next: 44%
Magic:  4/4        EV: 12    Int: 12    God:    Dithmenos [......]
Gold:   75         SH:  0    Dex: 13    Spells: 3/3 levels left

rFire    . . .     SeeInvis .   a - +2 dagger
rCold    . . .     Gourm    .   (no shield)
rNeg     . . .     Faith    .   e - +1 robe
rPois    .         Spirit   .   (no helmet)
rElec    .         Reflect  .   (no cloak)
rCorr    .         Harm     .   (no gloves)
MR       .....                  (no boots)
Stlth    +++.......             (no amulet)
HPRegen  0.11/turn              (no ring)
MPRegen  0.09/turn              (no ring)

@: berserk cooldown, slowed, very slow
A: no striking features
a: Renounce Religion


You were on level 4 of the Dungeon.
You worshipped Dithmenos.
Dithmenos was noncommittal.
You were not hungry.

You visited 1 branch of the dungeon, and saw 3 of its levels.

You collected 130 gold pieces.
You spent 55 gold pieces at shops.

Inventory:

Hand Weapons
 a - a +2 dagger (weapon)
 c - a +0 hand axe of holy wrath
Armour
 e - a +1 robe (worn)
Jewellery
 h - a cursed -2 ring of dexterity {unknown}
Potions
 d - a potion of curing
 j - a potion of lignification {unknown}
Comestibles
 f - 2 rations


   Skills:
 - Level 2.0 Fighting
 - Level 0.4 Short Blades
   Level 1.0 Polearms
 - Level 1.0 Throwing
 - Level 1.1 Dodging
 * Level 5.0 Stealth
 - Level 1.0 Unarmed Combat
   Level 1.0 Evocations


You had 3 spell levels left.
You didn't know any spells.
Your spell library was empty.

Dungeon Overview and Level Annotations

Branches:
Dungeon (2/15)

Altars:
Dithmenos

Shops:
D:4 ?


Message History

Aim: a phantom You throw a tomahawk.
The tomahawk closely misses the phantom.
A red film seems to cover your vision as you go berserk!
You feel yourself moving faster!
You feel mighty! The phantom hits you!
You barely miss the phantom. The phantom hits you.
You miss the phantom. The phantom hits you!
You miss the phantom. The phantom hits you.
The phantom blinks!
You feel a strong urge to attack something.
You are no longer berserk.
You are exhausted.
You feel yourself slow down.
The phantom blinks!
You see here a tomahawk.
You hit the phantom.
The phantom is lightly damaged.
The phantom blinks!
The phantom hits you!
* * * LOW HITPOINT WARNING * * *
The phantom hits you!
You die...

#.##.....<# #.# #
#......#.## #.# #
####.###.##
##.###### #.# #..#
#........ .######.#
##.###........
........#
#..##........
....##..#
##.##........ #.
#.(#####.##........
#.@#...............
#.W#.####.##.######
#..# #..#.# #.(#
##.#.# #### #.#.#
#...# ## ##..# ...
#..# ...###..###


You could see a phantom.

Vanquished Creatures
  A hound (D:4)
  An ooze (D:2)
  2 dart slugs (D:1)
  3 bats (D:1)
  2 giant cockroaches (D:1)
  8 goblins
  2 hobgoblins (D:1)
  3 jackals (D:1)
  4 frilled lizards
  2 kobolds
  2 rats (D:1)
30 creatures vanquished.

Vanquished Creatures (others)
  5 fungi (D:4)
5 creatures vanquished.

Grand Total: 35 creatures vanquished

Notes
Turn   | Place    | Note
-------+----------+-------------------------------------------
     0 | D:1      | Gabide the Human Wanderer began the quest for the Orb.
     0 | D:1      | Gabide set off with the following items: a +2 dagger, a
                  | potion of berserk rage, a +0 spear, a potion of curing, a
                  | +0 robe, a ration
     0 | D:1      | Reached XP level 1. HP: 16/16 MP: 1/1
   278 | D:1      | Reached XP level 2. HP: 19/22 MP: 2/2
   813 | D:1      | Reached XP level 3. HP: 26/27 MP: 3/3
   820 | D:1      | Reached skill level 4 in Stealth
  1886 | D:2      | You fall through a shaft for 2 floors!
  1895 | D:4      | Found Luaz's Magic Scroll Boutique.
  2134 | D:4      | Bought a scroll of identify for 20 gold pieces
  2134 | D:4      | Bought a scroll of fear for 35 gold pieces
  2426 | D:4      | Reached skill level 5 in Stealth
  2426 | D:4      | Reached XP level 4. HP: 22/33 MP: 4/4
  2538 | D:4      | Found a shadowy altar of Dithmenos.
  2542 | D:4      | Became a worshipper of Dithmenos the Shadowed
  3054 | D:4      | Noticed a phantom
  3069 | D:4      | Slain by a phantom

Skill      XL: |  1  2  3 |
---------------+----------+-----
Stealth        | 5 |  5.0
Fighting       | |  2.0
Short Blades   | |  0.4
Polearms       | |  1.0
Throwing       | |  1.0
Dodging        | |  1.1
Unarmed Combat | |  1.0
Evocations     | |  1.0

Action                   |  1- 3 |  4- 6 || total
-------------------------+-------+-------++-------
Melee: Dagger            |   129 |    13 ||   142
       Hand axe          |     2 |       ||     2
Throw: Tomahawk          |     2 |     5 ||     7
  Use: Scroll            |     6 |     3 ||     9
       Potion            |       |     1 ||     1
 Stab: Sleeping          |     7 |       ||     7
       Distracted        |     1 |       ||     1
  Eat: Ration            |     1 |     1 ||     2
       Chunk             |       |     2 ||     2
Armor: Robe              |    22 |     1 ||    23
Dodge: Dodged            |    83 |     3 ||    86
